 Dungeon Crawl Stone Soup version 0.28-a0-1227-ga9037bb4c8 (webtiles) character file.

Game seed: 6217483199881369646

51 sudoninja the Skirmisher (level 3, -2/42 HPs)
             Began as an Ogre Berserker on Dec 22, 2021.
             Was a Believer of Trog.
             Slain by an adder (3 damage)
             ... on level 3 of the Dungeon.
             The game lasted 00:04:11 (2175 turns).

sudoninja the Skirmisher (Ogre Berserker)           Turns: 2175, Time: 00:04:11

Health: -2/42      AC:  3    Str: 23    XL:     3   Next: 83%
Magic:  3/3        EV: 10    Int:  8    God:    Trog [**....]
Gold:   53         SH:  0    Dex:  8    Spells: 2/2 levels left

rFire   . . .      SeeInvis .     - Unarmed
rCold   + . .      Faith    .   (no shield)
rNeg    . . .      Spirit   .   a - +0 animal skin
rPois   +          Reflect  .   (helmet restricted)
rElec   .          Harm     .   (no cloak)
rCorr   .          Rampage  .   (gloves unavailable)
Will    .....                   (boots unavailable)
Stlth   +.........              (no amulet)
HPRegen 0.14/turn               e - ring of poison resistance
MPRegen 0.08/turn               g - ring of protection from cold

@: on berserk cooldown, slowed, very slow
A: large, unfitting armour, tough skin 1
a: Renounce Religion, Berserk, Trog's Hand


You were on level 3 of the Dungeon.
You worshipped Trog.
Trog was pleased with you.
You visited 1 branch of the dungeon, and saw 3 of its levels.

You collected 53 gold pieces.

Inventory:

Hand Weapons
 l - a +0 hunting sling
Armour
 a - a +0 animal skin (worn)
Jewellery
 e - a ring of poison resistance (left hand)
 g - a ring of protection from cold (right hand)
Scrolls
 d - a scroll of vulnerability {unknown}
 f - 3 scrolls of blinking {unknown}
 h - a scroll of torment {unknown}
 k - 2 scrolls of fear {unknown}
Potions
 b - 2 potions of mutation {unknown}
 c - 3 potions of curing {unknown}
 i - 2 potions of degeneration {unknown}
 j - a potion of might {unknown}
 m - a potion of brilliance {unknown}
 n - a potion of haste {unknown}


   Skills:
 - Level 5.2 Fighting
 + Level 2.8 Dodging
 + Level 3.3 Unarmed Combat


You had 2 spell levels left.
You didn't know any spells.
Your spell library contained the following spells:

 Spells                   Type           Power      Damage    Failure   Level
 Corpse Rot               Necr/Air       0%         N/A       54%         2
 Poisonous Vapours        Pois/Air       0%         N/A       54%         2


Dungeon Overview and Level Annotations

Branches:
Dungeon (3/15)

Altars:


Innate Abilities, Weirdness & Mutations

You are too large for most types of armour.
You have tough skin. (AC +1)


Message History

The ice beast is lightly wounded.
The ice beast hits you. The ice beast freezes you. You resist.
You closely miss the ice beast.
The ice beast is lightly wounded.
You barely miss the ice beast.
The ice beast is lightly wounded.
The ice beast hits you. The ice beast freezes you! You resist.
* * * LOW HITPOINT WARNING * * *
You barely miss the ice beast.
The ice beast is lightly wounded.
The ice beast hits you but does no damage.
You feel a strong urge to attack something.
You see here a fuming green potion.
You feel your anger nearly subside.
You are no longer berserk.
You are exhausted.
You feel yourself slow down.
You feel the effects of Trog's Hand fading.
The ice beast hits you but does no damage.
An adder comes into view.
You see here a fuming green potion.
n - a fuming green potion The adder hisses angrily.
The ice beast hits you. The ice beast freezes you. You resist.
* * * LOW HITPOINT WARNING * * *
The adder bites you.
* * * LOW HITPOINT WARNING * * *
The ice beast hits you.
* * * LOW HITPOINT WARNING * * *
The ice beast freezes you. You resist.
* * * LOW HITPOINT WARNING * * *
The adder barely misses you.
You miss the adder.
Your skin stops crawling.
You feel less strong-willed. The ice beast barely misses you.
The adder barely misses you. The ice beast barely misses you.
The adder bites you.
* * * LOW HITPOINT WARNING * * *
You barely miss the adder. Your punch misses the adder.
The adder closely misses you. The ice beast barely misses you.
You barely miss the adder. The adder bites you.
You die...

..# . #.############
.. #.#....)......
... #....########.
....######..#<.....#
.............>#....#
........)#..#.# ####
######S.#..#.#
#@.#..#.# #Y.#..#+#
#..#... #..##...
#...+... #.### #.#
#.# #.#


You could see an ice beast and an adder.

Vanquished Creatures
  An adder (D:2)
  5 ball pythons
  3 bats
  6 endoplasms (D:1)
  2 giant cockroaches (D:1)
  4 goblins
  2 hobgoblins
  6 jackals (D:1)
  A frilled lizard (D:1)
  5 rats (D:1)
35 creatures vanquished.

Notes
Turn   | Place    | Note
-------+----------+-------------------------------------------
     0 | D:1      | sudoninja the Ogre Berserker began the quest for the Orb.
     0 | D:1      | Reached XP level 1. HP: 24/24 MP: 1/1
    48 | D:1      | Reached XP level 2. HP: 23/33 MP: 2/2
   533 | D:1      | Reached skill level 5 in Fighting
   835 | D:1      | Reached XP level 3. HP: 35/42 MP: 3/3
  1061 | D:1      | Reached ** piety under Trog
  1810 | D:2      | Found a faded altar of an unknown god.
  2153 | D:3      | Noticed an ice beast
  2173 | D:3      | HP: 1/42 [adder (2)]
  2175 | D:3      | Slain by an adder

Illustrated notes

Levels and vault maps discovered:
D:1:      lightli_arrival_chessboard, layout_loops_ring, minmay_hexomino_c4
D:2:      layout_loops_corners, chequers_ecumenical_altar_island,
          minmay_misc_feat_plants
D:3:      layout_basic, mainiacjoe_overflow_six_doors_small,
          overflow_temple_1_default

Skill      XL: |  1  2  3 |
---------------+----------+-----
Fighting       | 5 |  5.2
Unarmed Combat | 3 |  3.3
Dodging        | |  2.8

Action                   || total
-------------------------++-------
Melee: Unarmed           ||   139
       Punch             ||     1
Invok: Berserk           ||     1
       Trog's Hand       ||     1
Armor: Animal skin       ||    56
Dodge: Dodged            ||    82

Table legend: (Time is in decaauts)
 A = Elapsed time spent in this place.
 B = Non-inter-level travel time spent in this place.
 C = Inter-level travel time spent in this place.
 D = Time resting spent in this place.
 E = Time spent auto-exploring this place.
 F = Levels seen in this place.
 G = Mean time per level.
                   A        B        C        D        E       F      G
               +--------+--------+--------+--------+--------+-----+--------+
         Total |   2170 |   2125 |     45 |    294 |   1414 |   3 |  723.3 |
       Dungeon |   2170 |   2125 |     45 |    294 |   1414 |   3 |  723.3 |
               +--------+--------+--------+--------+--------+-----+--------+

Top non-repeatable levels by time:
     D:1: 1306 daAuts
     D:2: 817 daAuts
     D:3: 46 daAuts
